 Dungeon Crawl Stone Soup version 0.30.1-4-g462c640d31 (webtiles) character file.

Game seed: 15248748800021531196

18 spardeous the Conjurer (level 2, 0/20 HPs)
             Began as a Demigod Conjurer on Aug 24, 2023.
             Slain by a jackal (2 damage)
             ... on level 1 of the Dungeon.
             The game lasted 00:00:47 (475 turns).

spardeous the Conjurer (Demigod Conjurer)            Turns: 475, Time: 00:00:48

Health: 0/20       AC:  2    Str:  8    XL:     2   Next: 33%
Magic:  0/7        EV: 12    Int: 20    God:
Gold:   37         SH:  0    Dex: 12    Spells: 3/4 levels left

rFire   . . .        (no weapon)
rCold   . . .        (no shield)
rNeg    . . .        a - +0 robe
rPois   .            (no helmet)
rElec   .            (no cloak)
rCorr   .            (no gloves)
SInv    .            (no boots)
Will    .....        (no amulet)
Stlth   ++           (no ring)
HPRegen 0.23/turn    (no ring)
MPRegen 0.10/turn

%: no passive effects
@: no status effects
A: high MP 1, forlorn, divine attributes
a: no special abilities


You were on level 1 of the Dungeon.
You visited 1 branch of the dungeon, and saw 1 of its levels.

You collected 37 gold pieces.

Inventory:

Armour
 a - a +0 robe (worn)
Scrolls
 d - a scroll of amnesia {unknown}
 e - a scroll of butterflies {unknown}
 g - a scroll of poison {unknown}
Potions
 b - a potion of magic
 c - a potion of haste {unknown}
 f - a potion of attraction {unknown}


   Skills:
 - Level 1.7 Dodging
 - Level 1.7 Stealth
 - Level 1.7 Spellcasting
 + Level 4.3 Conjurations


You had 3 spell levels left.
You knew the following spells:

 Your Spells              Type           Power      Damage    Failure   Level
a - Magic Dart            Conj           76%        1d6       2%          1

Your spell library contained the following spells:

 Spells                   Type           Power      Damage    Failure   Level
 Searing Ray              Conj           38%        2d5       4%          2
 Dazzling Flash           Conj/Hex       20%        N/A       21%         3
 Fulminant Prism          Conj/Hex       5%         3d7       54%         4
 Iskenderun's Mystic Bla  Conj/Tloc      10%        2d4       54%         4


Dungeon Overview and Level Annotations

Branches:
Dungeon (1/15)


Innate Abilities, Weirdness & Mutations

You have an increased reservoir of magic. (+10% MP)
You shall have no god before yourself.
Your divine heritage dramatically boosts your attributes as you level up.


Message History

You don't know that spell.
Casting: Magic Dart (safe; 2% risk of failure)
Confirm with . or Enter, or press ? or * to list all spells.
Aiming: Magic Dart (safe; 2% risk of failure)
Press: ? - help, Shift-Dir - straight line, f - kobold
Aim: a kobold, wielding a +0 dagger (100% to hit)
The magic dart hits the kobold.
The kobold is moderately wounded.
The jackal bites you.
* * * LOW HITPOINT WARNING * * *
The kobold closely misses you.
You take 3 damage, and have 3/20 hp.
You now have 0/7 mp.
Unknown command.
You hit the kobold but do no damage.
The kobold is moderately wounded.
The jackal closely misses you. x2; The kobold hits you but does no damage.
Unknown command.
You closely miss the kobold.
The kobold is moderately wounded.
The jackal closely misses you. The kobold barely misses you.
You barely miss the kobold.
The kobold is moderately wounded.
The jackal bites you but does no damage.
The kobold hits you but does no damage.
Unknown command.
You miss the kobold.
The kobold is moderately wounded.
The jackal closely misses you. The jackal bites you.
* * * LOW HITPOINT WARNING * * *
The kobold hits you but does no damage.
You take 2 damage, and have 2/20 hp.
Unknown command.
Okay, then.
You hit the kobold but do no damage.
The kobold is moderately wounded.
The jackal completely misses you. The kobold barely misses you.
You hit the kobold.
The kobold is severely wounded.
The jackal bites you.
You die...

...# ##.## #.# #..# #.#
.#######.##########.###..#####.#
...............................#
#########.########..####.#######
# .# #..# #.# # .# #..# #.# # .#
#..# #.# # .########..####.# .
.#...)K@hh....#.#
#.######..##.#.# #..##.#.#
###..##.#.######
#..†............
.....###.....###### ...#..
#.#.### ..... #.#.# ..##....[#.#


You could see 2 jackals and a kobold.

Vanquished Creatures
  4 endoplasms (D:1)
  A goblin (D:1)
  2 hobgoblins (D:1)
  2 jackals (D:1)
  2 kobolds (D:1)
  2 ball pythons (D:1)
  A frilled lizard (D:1)
14 creatures vanquished.

Notes
Turn   | Place    | Note
-------+----------+-------------------------------------------
     0 | D:1      | spardeous the Demigod Conjurer began the quest for the Orb.
     0 | D:1      | Reached XP level 1. HP: 14/14 MP: 5/5
   196 | D:1      | Reached skill level 4 in Conjurations
   290 | D:1      | Reached XP level 2. HP: 20/20 MP: 0/7
   475 | D:1      | Slain by a jackal

Illustrated notes

Levels and vault maps discovered:
D:1:      heliophobic_arrival_glass_houses, layout_loops_ring, st_stairs_1,
          minmay_misc_feat_columns

Skill      XL: |  1 |
---------------+----+-----
Conjurations   | 4 |  4.3
Dodging        | |  1.7
Stealth        | |  1.7
Spellcasting   | |  1.7

Action                     || total
---------------------------++-------
  Melee: Unarmed           ||    20
   Cast: Magic Dart        ||    33
 Armour: Robe              ||     8
  Dodge: Dodged            ||    31
